 Dungeon Crawl Stone Soup version 0.31-a0-876-gfe8ebadbca (webtiles) character file.

Game seed: 15066304897515886626

2 Azuregosa the Sneak (level 1, -2/16 HPs)
             Began as an Octopode Delver on Oct 13, 2023.
             Was an Initiate of Fedhas.
             Killed from afar by a white imp (9 damage)
             ... with a puff of frost
             ... on level 5 of the Dungeon.
             The game lasted 00:00:59 (67 turns).

Azuregosa the Sneak (Octopode Delver)                 Turns: 67, Time: 00:01:02

Health: -2/16      AC:  1    Str: 11    XL:     1   Next: 30%
Magic:  1/1        EV: 13    Int: 12    God:    Fedhas [......]
Gold:   0          SH:  0    Dex: 13    Spells: 0/0 levels left

rFire   . . .        a - +0 hand axe
rCold   . . .        (no shield)
rNeg    . . .        (helmet restricted)
rPois   .            (no amulet)
rElec   .            (no ring)
rCorr   .            (no ring)
SInv    .            (no ring)
Will    .....        (no ring)
Stlth   ++++         (no ring)
HPRegen 0.22/turn    (no ring)
MPRegen 0.07/turn    (no ring)
                     (no ring)

%: no passive effects
@: no status effects
A: almost no armour, amphibious, 8 rings, camouflage 1, gelatinous body 1,
(nimble swimmer 1), tentacles
a: Renounce Religion


You were on level 5 of the Dungeon.
You worshipped Fedhas.
Fedhas was noncommittal.
You visited 1 branch of the dungeon, and saw 2 of its levels.

Inventory:

Hand Weapons
 a - a +0 hand axe (weapon)
Wands
 f - a wand of digging (3)
Scrolls
 b - a scroll of fog
 c - a scroll of amnesia {unknown}
 d - a scroll of fear
Potions
 e - a potion of haste
 g - a potion of curing {unknown}


   Skills:
 + Level 3.0 Fighting
 + Level 2.0 Axes
 + Level 2.0 Dodging
 + Level 6.6 Stealth


You couldn't memorise any spells.
You didn't know any spells.
Your spell library was empty.

Dungeon Overview and Level Annotations

Branches:
Dungeon (5/15)             Temple (0/1) D:5

Altars:
Fedhas


Innate Abilities, Weirdness & Mutations

You cannot wear most types of armour.
You are amphibious.
You can wear up to eight rings at the same time.
Your skin changes colour to match your surroundings (Stealth+).
Your rubbery body absorbs attacks. (AC +1, EV +1)
((You are camouflaged when in or above water. (Stealth+)))
You have tentacles for arms and can constrict up to eight enemies at once.


Message History

There is a stone staircase leading up here.
You climb upwards.
There is a stone staircase leading down here.
A hound comes into view.
The hound barks!
There is a stone staircase leading down here.
You climb downwards.
There is a stone staircase leading up here.
The orc misses you.
You hit the orc.
You kill the orc!
Things that are here:
a +0 club; a +0 chain mail; an orc corpse
Found 14 gold pieces.
There is a blossoming altar of Fedhas here.
You curl up in front of the altar of Fedhas.
Fedhas welcomes you!
The plants of the dungeon cease their hostilities.
Found a stone staircase leading down.
g - a cyan potion A white imp comes into view.
Found an escape hatch in the ceiling.
The white imp shouts, "Slither away, thou defiled fat-kidneyed reprobate!"
Found a tower shield.
You hit the white imp but do no damage. Your grab misses the white imp.
The white imp hits you but does no damage.
The white imp hits you. The white imp freezes you.
You hit the white imp but do no damage. You grab the white imp.
You squeeze the white imp.
The white imp is heavily wounded.
You constrict the white imp. The white imp hits you. The white imp freezes you.
You barely miss the white imp. You squeeze the white imp.
The white imp is severely wounded.
You constrict the white imp, but do no damage.
The white imp shouts, "Crawl home, thou unhinged folly-fallen snaffler!"
The white imp gestures at you. The puff of frost hits you!
Ouch! That really hurt!
You die...
Fedhas appreciates your contribution to the ecosystem.

,,<,,,,,,,,,,.#.....[..,,,,,****
*,,,,,,,,,...,........,**.,,*,,*
**,,,,,,*,,...#......###.##..,,*
*,,,,,,,*.*#..#..............,**
,,,,,,,,,..##...............#**
*,,,,,,,,..................######
,,,,,,,*,......##...............#
.,,,,,,*,.......#..#............,
..,,,,,,,,,,#..5@..#..........##.
..,,,,,,,,,,#.............##..<..
..,,,,,**,*#....####.####...)....
..,,,,,**.<.....##.....##....##..
..,,,,,,,.......#.......#.....#..
.#,,,,,,,.......#.......#.....#..
.#,,,,,,,..........._......###...
.#*,,,,,,.......#.......#...#,..#
..,,,,,*,.......#.......#...#,..#


You could see a white imp.

Vanquished Creatures
  An orc (D:5)
1 creature vanquished.

Notes
Turn   | Place    | Note
-------+----------+-------------------------------------------
     0 | D:5      | Azuregosa the Octopode Delver began the quest for the Orb.
     0 | D:5      | Reached XP level 1. HP: 16/16 MP: 1/1
    23 | D:5      | Found a blossoming altar of Fedhas.
    31 | D:4      | Noticed a hound
    49 | D:5      | Became a worshipper of Fedhas Madash
    67 | D:5      | Killed from afar by a white imp

Illustrated notes

Levels and vault maps discovered:
D:4:      layout_gridville, uniq_sigmund
D:5:      layout_cave_pools, old_standard_altar, kiku_gazebo_pond_becter,
          temple_fountains, hangedman_abyss_or_decor_stabs, uniq_eustachio

Action                     || total
---------------------------++-------
  Melee: Hand axe          ||     4
         Tentacles         ||     2
         Constrict         ||     1
    Use: Scroll            ||     1
 Armour: Skin              ||     4
  Dodge: Dodged            ||     1

Table legend: (Time is in decaauts)
 A = Elapsed time spent in this place.
 B = Non-inter-level travel time spent in this place.
 C = Inter-level travel time spent in this place.
 D = Time resting spent in this place.
 E = Time spent auto-exploring this place.
 F = Levels seen in this place.
 G = Mean time per level.
                   A        B        C        D        E       F      G
               +--------+--------+--------+--------+--------+-----+--------+
         Total |     69 |     69 |      0 |      0 |      0 |   2 |   34.5 |
       Dungeon |     69 |     69 |      0 |      0 |      0 |   2 |   34.5 |
               +--------+--------+--------+--------+--------+-----+--------+

Top non-repeatable levels by time:
     D:5: 54 daAuts
     D:4: 14 daAuts
